 Dungeon Crawl Stone Soup version 0.31-b1-12-gca42e3d1b8 (webtiles) character file.

Game seed: 4593453823484814134

88 Curundu the Chopper (level 4, -1/39 HPs)
             Began as a Minotaur Berserker on Jan 14, 2024.
             Was a Believer of Trog.
             Killed by divine providence
             ... invoked by an orc priest
              (11 damage)
             ... on level 4 of the Dungeon.
             The game lasted 00:07:33 (2041 turns).

Curundu the Chopper (Minotaur Berserker)            Turns: 2041, Time: 00:07:34

Health: -1/39      AC: 14    Str: 24    XL:     4   Next: 30%
Magic:  3/3        EV:  5    Int:  4    God:    Trog [**....]
Gold:   189        SH:  6    Dex:  9    Spells: 3/3 levels left

rFire   . . .        a - +1 hand axe
rCold   x . .        c - +0 kite shield of Qefeagev {+Blink rElec rC- Stlth-}
rNeg    . . .        h - +2 plate armour
rPois   .            (helmet restricted)
rElec   +            (no cloak)
rCorr   .            (no gloves)
SInv    .            m - +0 pair of boots
Will    .....        (no amulet) Stlth
                     (no ring)
HPRegen 0.26/turn    (no ring)
MPRegen 0.08/turn

%: no passive effects
@: no status effects
A: horns 2, retaliatory headbutt
a: Renounce Religion, Evoke Blink, Berserk, Trog's Hand


You were on level 4 of the Dungeon.
You worshipped Trog.
Trog was pleased with you.
You visited 1 branch of the dungeon, and saw 4 of its levels.

You collected 189 gold pieces.

Inventory:

Hand Weapons
 a - a +1 hand axe (weapon)
Missiles
 d - 2 boomerangs
 f - 5 poisoned darts (quivered)
Armour
 c - the +0 kite shield of Qefeagev (worn) {+Blink rElec rC- Stlth-}
   (You found it on level 2 of the Dungeon)

   rC-:       It makes you vulnerable to cold.
   rElec:     It insulates you from electricity.
   +Blink:    It lets you blink.
   Stlth-:    It makes you less stealthy.
 h - a +2 plate armour (worn)
 m - a +0 pair of boots (worn)
Wands
 j - a wand of mindburst (18)
Scrolls
 e - a scroll of teleportation
 k - 2 scrolls of poison
 n - a scroll of torment {unknown}
Potions
 b - a potion of degeneration {unknown}
 g - a potion of mutation {unknown}
 i - a potion of heal wounds
 l - a potion of curing {unknown}


   Skills:
 - Level 3.6 Fighting
 + Level 6.2 Axes
 - Level 2.4 Armour
 - Level 2.1 Dodging


You had 3 spell levels left.
You didn't know any spells.
Your spell library was empty.

Dungeon Overview and Level Annotations

Branches:
Dungeon (4/15)
 Temple: D:4-7

Altars:


Innate Abilities, Weirdness & Mutations

You have a pair of horns on your head.
You reflexively headbutt those who attack you in melee.


Message History

You hit the ball python.
The ball python is severely wounded.
You block the ball python's attack. The ball python constricts you.
You hit the ball python.
You kill the ball python!
Trog accepts your kill.
j - a wand of mindburst (18)
n - a scroll labelled LUMPUOMMAEPS
Found a stone staircase leading up.
An orc and 2 orc priests come into view.
Found a glowing green potion.
The orc shouts!
The orc priest shouts!
An orc priest comes into view. It is wielding a +0 club.
The orc hits you but does no damage.
The orc priest calls down the wrath of Beogh upon you.
Beogh smites you!
You hit the orc.
The orc is heavily wounded.
The orc hits you but does no damage.
You slash the orc!
You kill the orc!
Trog accepts your kill.
The orc priest hits you but does no damage.
You hit the orc priest but do no damage.
The orc priest invokes the aid of Beogh against you.
Beogh smites you! The orc priest hits you with a +0 club.
You closely miss the orc priest.
The orc priest calls down the wrath of Beogh upon you.
Pain shoots through your body!
* * * LOW HITPOINT WARNING * * *
You hit the orc priest but do no damage.
The orc priest hits you but does no damage.
You hit the orc priest but do no damage.
The orc priest hits you but does no damage.
You hit the orc priest.
The orc priest is moderately wounded.
You block the orc priest's attack.
The orc priest mumbles some strange prayers to Beogh against you.
Beogh smites you!
You die...

...#### #.....#
..###.## ..# #..#
####### ..# ##.#
....... ### #.#
..=.... #.## .......
#..###########.......
##.........@ooo......
#############......!
....... .......
....... #######


You could see 3 orc priests.

Vanquished Creatures
  4 adders (D:2)
  2 ribbon worms (D:2)
  A dart slug (D:1)
  An orc (D:4)
  8 ball pythons
  2 endoplasms
  3 giant cockroaches
  3 goblins
  3 hobgoblins (D:2)
  8 kobolds
  A quokka (D:2)
  4 bats
  A frilled lizard (D:2)
  6 rats
47 creatures vanquished.

Notes
Turn   | Place    | Note
-------+----------+-------------------------------------------
     0 | D:1      | Curundu the Minotaur Berserker began the quest for the Orb.
     0 | D:1      | Reached XP level 1. HP: 19/19 MP: 0/0
    79 | D:1      | Reached skill level 4 in Axes
   118 | D:1      | Reached XP level 2. HP: 25/26 MP: 1/1
   563 | D:2      | Identified the +0 kite shield of Qefeagev {+Blink rElec rC-
                  | Stlth-}
   581 | D:2      | Reached skill level 5 in Axes
   581 | D:2      | Reached XP level 3. HP: 26/31 MP: 2/2
   710 | D:2      | Reached ** piety under Trog
  1232 | D:2      | Reached skill level 6 in Axes
  1232 | D:2      | Reached XP level 4. HP: 37/39 MP: 3/3
  2041 | D:4      | Killed from afar by an orc priest

Illustrated notes

Levels and vault maps discovered:
D:1:      tarquinn_simple_flora_water_f, layout_rooms
D:2:      layout_basic, fountainhead, minmay_stone_trees_small,
          kennysheep_generic_room_13
D:3:      layout_rooms, grunt_decor_resistance
D:4:      layout_rooms, nicolae_overflow_hallway_of_the_gods, temple_statues

Skill      XL: |  1  2  3 |
---------------+----------+-----
Axes           | 4 5 6 |  6.2
Fighting       | |  3.6
Armour         | |  2.4
Dodging        | |  2.1

Action                     |  1- 3 |  4- 6 || total
---------------------------+-------+-------++-------
  Melee: Hand axe          |    81 |    23 ||   104
         Headbutt          |    11 |     1 ||    12
    Use: Scroll            |     3 |     6 ||     9
 Armour: Ring mail         |    38 |       ||    38
         Animal skin       |     3 |       ||     3
         Plate armour      |    14 |    15 ||    29
  Dodge: Dodged            |    44 |     1 ||    45
  Block: Kite shield       |    15 |    12 ||    27
